 Dungeon Crawl Stone Soup version 0.22.1-2-g9c5b331383 (webtiles) character file.

6755 Morrissey the Cleaver (level 10, 0/94 HPs)
             Began as a Deep Dwarf Gladiator on Nov 30, 2018.
             Was a Priest of Makhleb.
             Killed from afar by an electric eel (9 damage)
             ... with a bolt of electricity
             ... in a bailey.
             The game lasted 00:17:47 (6847 turns).

Morrissey the Cleaver (Deep Dwarf Gladiator)        Turns: 6847, Time: 00:17:48

Health: 0/94       AC: 19    Str: 22    XL:     10   Next: 75%
Magic:  11/11      EV:  8    Int:  8    God:    Makhleb [***...]
Gold:   246        SH:  0    Dex: 14    Spells: 9/9 levels left

rFire    + . .     SeeInvis .   a - +2 hand axe (vamp)
rCold    . . .     Gourm    .   (no shield)
rNeg     + . .     Faith    .   d - +0 plate armour
rPois    .         Spirit   .   c - +0 helmet
rElec    .         Reflect  .   C - +2 cloak {MR+}
rCorr    .         Harm     .   (no gloves)
MR       ++...                  n - +0 pair of boots
Stlth    ..........             (no amulet)
HPRegen  0.00/turn              q - ring of protection from fire
MPRegen  0.12/turn              w - ring of positive energy

@: non-regenerating
A: damage resistance, heal wounds, sense surroundings 2, no regeneration
a: Heal Wounds, Minor Destruction, Lesser Servant of Makhleb, Renounce Religion


You were in a bailey.
You worshipped Makhleb.
Makhleb was most pleased with you.
You were hungry.

You visited 1 branch of the dungeon, and saw 8 of its levels.
You also visited: Sewer and Bailey.

You collected 402 gold pieces.
You spent 156 gold pieces at shops.

Inventory:

Hand Weapons
 a - a +2 vampiric hand axe (weapon)
 y - a +1 war axe
Missiles
 j - 3 steel tomahawks
 r - 5 throwing nets (quivered)
Armour
 c - a +0 helmet (worn)
 d - a +0 plate armour (worn)
 n - a +0 pair of boots (worn)
 C - a +2 cloak of magic resistance (worn)
Jewellery
 q - a ring of protection from fire (left hand)
 w - a ring of positive energy (right hand)
 D - an uncursed ring of stealth
Wands
 b - a wand of digging (15)
 E - a wand of polymorph (13)
Scrolls
 g - 3 scrolls of enchant armour {unknown}
 h - 5 scrolls of magic mapping {unknown}
 i - a scroll of fear {unknown}
 k - a scroll of blinking {unknown}
 p - a scroll of fog {unknown}
 u - 4 scrolls of teleportation {unknown}
 x - a scroll of amnesia {unknown}
Potions
 e - a potion of haste
 l - a potion of curing
 m - 3 potions of flight
 o - 2 potions of berserk rage
 s - a potion of magic
 t - a potion of agility {unknown}
 v - a potion of resistance {unknown}
 A - 2 potions of brilliance {unknown}
 B - a potion of ambrosia
Comestibles
 f - 15 rations
 z - 6 chunks of flesh


   Skills:
 + Level 7.5 Fighting
 * Level 12.3 Axes
 - Level 1.7 Throwing
 + Level 7.5 Armour
 - Level 3.2 Dodging
 + Level 7.8 Invocations


You had 9 spell levels left.
You didn't know any spells.
Your spell library contained the following spells:

 Spells                   Type           Power        Failure   Level  Hunger
 Magic Dart               Conj           #...         100%        1    ##.....
 Blink                    Tloc           N/A          100%        2    ###....
 Call Imp                 Summ           #.......     100%        2    ###....
 Slow                     Hex            #.......     100%        2    ###....
 Conjure Flame            Conj/Fire      #.......     100%        3    ####...
 Mephitic Cloud           Conj/Pois/Air  #.......     100%        3    ####...


Dungeon Overview and Level Annotations

Branches:
Dungeon (8/15)             Temple (0/1) D:5
   Lair: D:8-11

Altars:
Gozag
Makhleb
Okawaru
Wu Jian
Xom

Shops:
D:7 **}%!


Innate Abilities, Weirdness & Mutations

You are resistant to damage.
You can heal yourself by infusing magical energy.
You passively map the area around you.
You do not regenerate.


Message History

The bolt of electricity hits the electric eel.
The electric eel completely resists.
You closely miss the electric eel.
Your neqoxec gestures at the electric eel.
The electric eel twists and deforms.
You barely miss the electric eel. You hit the electric eel.
You feel better.
The electric eel is lightly wounded.
Your neqoxec closely misses the electric eel.
The electric eel shoots out a bolt of lightning at you!
The bolt of electricity hits you!
* * * LOW HITPOINT WARNING * * *
The bolt of electricity hits you!
* * * LOW HITPOINT WARNING * * *
The bolt of electricity hits the electric eel.
The electric eel completely resists.
Your neqoxec closely misses the electric eel.
The electric eel shoots out a bolt of lightning at you!
The bolt of electricity hits you!
You die...

≈ ≈ ≈ ≈ ≈≈ ≈ ≈
≈≈≈≈≈≈≈≈≈≈≈≈≈≈≈≈≈≈≈ ≈ ≈
≈≈≈≈≈≈≈≈≈≈≈≈≈≈≈≈≈≈≈≈ ≈ ≈
≈≈≈≈≈≈≈≈≈≈≈≈≈≈≈≈≈≈ ≈ ≈ * ≈
≈≈≈≈≈≈≈≈≈≈≈≈≈≈≈≈≈≈ ≈ ≈ * ≈
≈≈≈≈≈≈≈≈≈≈≈≈≈≈≈≈≈≈≈≈≈≈ *
≈≈≈≈≈≈≈≈≈≈≈≈≈≈≈≈≈≈ ≈≈
#≈≈≈≈≈#** *#≈≈≈≈;5≈≈≈≈≈≈≈#
* * #≈≈≈≈≈#
+...@.3.......+ #≈≈≈≈≈#
,#######5###### * #≈≈≈≈≈#
,#....4..# #≈≈≈≈≈#,,,
#.8.8.8.+ ,, ,,
#≈≈≈≈≈######....5..#####+
* #≈≈≈≈≈≈.#......#....#))#
,,
##.≈≈≈≈≈.#......#....#))#
* ≈
...≈≈≈≈≈.#''#####....#..#,
, * ≈
...≈≈≈≈≈.#.....##.)..#..#
*,


You could see an electric eel, a friendly neqoxec, a friendly iron imp and a
friendly white imp.

Vanquished Creatures
  Harold (D:8)
  Pikel (D:7)
  2 orc sorcerers (Bailey)
  Prince Ribbit (D:8)
  A hornet (D:6)
  A hippogriff (D:8)
  Sigmund (D:2)
  Eustachio (D:6)
  Duvessa (D:7)
  2 orc warriors (Bailey)
  2 sky beasts
  2 slaves (D:7)
  An ice beast (D:4)
  6 ogres
  4 centaurs
  4 bullfrogs
  2 big kobolds
  Dowan (D:7)
  A scorpion (D:8)
  5 wights (D:6)
  4 killer bees (D:8)
  2 electric eels (Bailey)
  A howler monkey (D:7)
  4 crimson imps
  2 quasits
  A hound (D:4)
  3 jellies
  Crazy Yiuf (D:7)
  2 orc priests (D:5)
  7 orc wizards
  A centaur skeleton (D:4)
  4 iguanas (D:7)
  7 worker ants
  Natasha (twice) (D:3)
  A killer bee zombie (D:8)
  3 worker ant zombies
  Robin (D:2)
  6 gnolls
  11 adders
  3 river rats
  2 shadow imps (D:7)
  An ooze (D:3)
  An adder zombie (D:6)
  An adder skeleton (D:8)
  6 worms
  3 dart slugs
  4 leopard geckos
  20 orcs
  6 giant cockroaches
  14 goblins
  8 hobgoblins
  4 jackals
  A quokka (D:6)
  2 ball pythons
  3 bats
  5 frilled lizards
  14 kobolds
  A quokka zombie (D:5)
  9 rats
211 creatures vanquished.

Vanquished Creatures (collateral kills)
  An orc knight (Bailey)
1 creature vanquished.

Grand Total: 212 creatures vanquished

Notes
Turn   | Place    | Note
-------+----------+-------------------------------------------
     0 | D:1      | Morrissey the Deep Dwarf Gladiator began the quest for the
                  | Orb.
     0 | D:1      | Reached XP level 1. HP: 19/19 MP: 1/1
   253 | D:1      | Reached XP level 2. HP: 23/26 MP: 2/2
   465 | D:1      | Reached skill level 1 in Armour
   907 | D:2      | Noticed Robin
   912 | D:2      | Reached skill level 4 in Axes
   919 | D:2      | Killed Robin
   919 | D:2      | Reached XP level 3. HP: 21/32 MP: 3/3
   971 | D:2      | Found an iron altar of Okawaru.
  1102 | D:2      | Noticed Sigmund
  1357 | D:2      | Killed Sigmund
  1357 | D:2      | Reached skill level 5 in Axes
  1357 | D:2      | Reached XP level 4. HP: 9/42 MP: 4/4
  1357 | D:2      | Reached XP level 5. HP: 11/49 MP: 5/5
  1437 | D:2      | Found an ornate altar of the Wu Jian Council.
  1788 | D:3      | Reached XP level 6. HP: 28/56 MP: 5/5
  1861 | D:3      | Reached skill level 6 in Axes
  1929 | D:3      | Found a glowing drain.
  1937 | Sewer    | Entered a sewer
  1947 | Sewer    | HP: 1/56 [river rat (6)]
  2064 | Sewer    | Found a white marble altar of Elyvilon.
  2239 | D:3      | HP: 2/57 [gnoll/spear (2)]
  2333 | D:3      | Noticed Natasha
  2357 | D:3      | Killed Natasha
  2442 | D:3      | Noticed Natasha
  2445 | D:3      | Killed Natasha
  2445 | D:3      | Reached XP level 7. HP: 19/63 MP: 6/6
  2608 | D:3      | Reached skill level 7 in Axes
  2776 | D:4      | Found an opulent altar of Gozag.
  3511 | D:5      | Entered Level 5 of the Dungeon
  3544 | D:5      | Reached skill level 8 in Axes
  3678 | D:5      | Reached XP level 8. HP: 14/73 MP: 6/6
  3763 | D:5      | Found an iron altar of Okawaru.
  3770 | D:5      | Found a burning altar of Makhleb.
  3774 | D:5      | Became a worshipper of Makhleb the Destroyer
  3912 | D:5      | Reached skill level 1 in Invocations
  3986 | D:5      | Found a staircase to the Ecumenical Temple.
  4047 | D:5      | Reached skill level 5 in Fighting
  4308 | D:6      | Got a tiger eye-studded ring mail
  4387 | D:6      | Reached skill level 9 in Axes
  4570 | D:6      | Noticed a hornet
  4587 | D:6      | Paralysed by a hornet for 1 turns
  4594 | D:6      | Paralysed by a hornet for 1 turns
  4601 | D:6      | Killed a hornet
  4700 | D:6      | Reached * piety under Makhleb
  4723 | D:6      | Noticed Eustachio
  4753 | D:6      | Killed Eustachio
  4753 | D:6      | Gained mutation: You passively map the area around you.
                  | [Deep Dwarf growth]
  4753 | D:6      | Reached XP level 9. HP: 34/82 MP: 8/8
  4818 | D:6      | Found a shimmering altar of Xom.
  5198 | D:7      | Found Gemp's Food Shop.
  5203 | D:7      | Noticed Duvessa
  5203 | D:7      | Noticed Dowan
  5232 | D:7      | Killed Duvessa
  5232 | D:7      | Reached skill level 5 in Armour
  5240 | D:7      | Killed Dowan
  5240 | D:7      | Reached skill level 10 in Axes
  5497 | D:7      | Found Qankumm's Gadget Boutique.
  5524 | D:7      | Noticed Pikel
  5550 | D:7      | Killed Pikel
  5550 | D:7      | Reached skill level 5 in Invocations
  5642 | D:7      | Found Umouq's Distillery.
  5648 | D:7      | Bought a potion of berserk rage for 60 gold pieces
  5648 | D:7      | Bought a potion of ambrosia for 96 gold pieces
  5851 | D:7      | Found a shimmering altar of Xom.
  5853 | D:7      | Found a shimmering altar of Xom.
  5854 | D:7      | Found a shimmering altar of Xom.
  5854 | D:7      | Found a shimmering altar of Xom.
  5854 | D:7      | Found a shimmering altar of Xom.
  5855 | D:7      | Found a shimmering altar of Xom.
  5898 | D:7      | Found Leydor's General Store.
  5947 | D:7      | Reached ** piety under Makhleb
  5958 | D:7      | Found Atukyib's Assorted Antiques.
  6143 | D:7      | Found a runed door.
  6226 | D:7      | Noticed Crazy Yiuf
  6233 | D:7      | Killed Crazy Yiuf
  6297 | D:8      | Reached skill level 11 in Axes
  6316 | D:8      | Noticed Harold
  6317 | D:8      | Noticed Prince Ribbit
  6365 | D:8      | Reached XP level 10. HP: 91/92 MP: 11/11
  6381 | D:8      | Killed Harold
  6382 | D:8      | Killed Prince Ribbit
  6553 | D:8      | Found a flagged portal.
  6562 | Bailey   | Entered a bailey
  6601 | Bailey   | Reached *** piety under Makhleb
  6650 | Bailey   | Found an iron altar of Okawaru.
  6650 | Bailey   | Noticed an orc sorcerer
  6650 | Bailey   | Noticed an orc sorcerer
  6678 | Bailey   | Killed an orc sorcerer
  6678 | Bailey   | Reached skill level 12 in Axes
  6697 | Bailey   | Killed an orc sorcerer
  6771 | Bailey   | Noticed an orc knight
  6819 | Bailey   | HP: 3/94 [orc knight/war axe (11)]
  6825 | Bailey   | Killed an orc knight
  6847 | Bailey   | Killed from afar by an electric eel

Skill      XL: |  1  2  3  4  5  6  7  8  9 10 |
---------------+-------------------------------+-----
Fighting       | 2 3 4 5 6 7 |  7.5
Armour         | 1 2 3 4 6 7 |  7.5
Axes           | 4 5 6 8 9 11 12 | 12.3
Invocations    | 3 6 7 |  7.8
Throwing       | |  1.7
Dodging        | |  3.2

Action                   |  1- 3 |  4- 6 |  7- 9 | 10-12 || total
-------------------------+-------+-------+-------+-------++-------
Melee: War axe           |    96 |   174 |   151 |       ||   421
       Hand axe          |       |       |   455 |   193 ||   648
Throw: Throwing net      |     3 |       |     2 |       ||     5
       Tomahawk          |     3 |       |     1 |       ||     4
Invok: Lesser Servant of |       |       |       |     4 ||     4
 Abil: Heal Wounds       |       |     4 |     6 |     1 ||    11
  Use: Potion            |     3 |       |     3 |       ||     6
       Scroll            |     2 |       |     7 |       ||     9
 Stab: Held in net/web   |       |       |     1 |       ||     1
  Eat: Chunk             |     1 |     5 |    10 |     2 ||    18
       Ration            |       |       |     2 |       ||     2
Armor: Leather armour    |     2 |       |       |       ||     2
       Ring mail         |    31 |    53 |    28 |       ||   112
       Skin              |     5 |       |       |       ||     5
       Plate armour      |       |       |   383 |    68 ||   451
Dodge: Dodged            |    68 |   119 |   240 |    62 ||   489
